 Dungeon Crawl Stone Soup version 0.29.1-4-g47bece8355 (webtiles) character file.

Game seed: 11086654844360597285

172 zeram the Trooper (level 5, -4/47 HPs)
             Began as a Hill Orc Fighter on Dec 11, 2022.
             Slain by an ogre
             ... wielding a +0 giant club
              (18 damage)
             ... on level 4 of the Dungeon.
             The game lasted 00:05:47 (3323 turns).

zeram the Trooper (Hill Orc Fighter)                Turns: 3323, Time: 00:05:47

Health: -4/47      AC:  9    Str: 21    XL:     5   Next: 53%
Magic:  14/14      EV:  9    Int: 16    God:
Gold:   182        SH:  4    Dex: 10    Spells: 4/4 levels left

rFire   + . .      SeeInvis .   a - +0 war axe
rCold   . . .      Faith    .   c - +0 buckler
rNeg    + . .      Spirit   .   b - +0 scale mail
rPois   .          Reflect  .   (no helmet)
rElec   .          Harm     .   i - +0 cloak
rCorr   +          Rampage  +   (no gloves)
Will    .....                   f - +0 pair of boots {rampage}
Stlth   ..........              (no amulet)
HPRegen 0.15/turn               n - ring of resist corrosion
MPRegen 0.14/turn               t - ring of Movuir {rF+ rN+ MP+9 Int+8}

@: no status effects
A: no striking features
a: no special abilities


You were on level 4 of the Dungeon.
You visited 1 branch of the dungeon, and saw 4 of its levels.

You collected 182 gold pieces.

Inventory:

Hand Weapons
 a - a +0 war axe (weapon)
Armour
 b - a +0 scale mail (worn)
 c - a +0 buckler (worn)
 f - a +0 pair of boots of rampaging (worn)
 i - a +0 cloak (worn)
Jewellery
 n - a ring of resist corrosion (left hand)
 r - a ring of protection from fire
 t - the ring of Movuir (right hand) {rF+ rN+ MP+9 Int+8}
   (You found it on level 3 of the Dungeon)

   [ring of magical power]

   Int:       It affects your intelligence (+8).
   rF:        It protects you from fire.
   rN:        It protects you from negative energy.
   MP:        It affects your magic capacity (+9).
Wands
 p - a wand of iceblast (10)
Scrolls
 g - 3 scrolls of fear
 h - 6 scrolls of immolation
 j - a scroll of blinking
 m - a scroll of acquirement
 s - a scroll of identify
Potions
 d - a potion of might
 e - a potion of curing
 k - a potion of flight
 l - a potion of ambrosia
 o - a potion of heal wounds {unknown}
 q - a potion of degeneration {unknown}
 u - a potion of brilliance {unknown}


   Skills:
 + Level 4.7 Fighting
 + Level 4.4 Axes
 + Level 4.6 Armour
 + Level 0.3 Dodging
 + Level 3.8 Shields


You had 4 spell levels left.
You didn't know any spells.
Your spell library contained the following spells:

 Spells                   Type           Power      Damage    Failure   Level
 Leda's Liquefaction      Hex/Erth       0%         N/A       100%        4
 Lee's Rapid Deconstruct  Erth           0%         3d5*      100%        5
 Statue Form              Tmut/Erth      0%         N/A       100%        6


Dungeon Overview and Level Annotations

Branches:
Dungeon (4/15)
 Temple: D:4-7

Altars:
Wu Jian


Message History

An ogre is nearby!
An ogre is nearby!
An ogre is nearby!
An ogre is nearby!
An ogre is nearby!
You rampage towards the ogre!
You rampage towards the ogre!
The ogre hits you with a +0 giant club!!
A giant cockroach comes into view.
You hit the ogre but do no damage. You hit the ogre.
The ogre is lightly wounded.
You block the ogre's attack.
You slash the ogre!
The ogre is heavily wounded.
The ogre hits you with a +0 giant club.
You are too injured to fight recklessly!
You are too injured to fight recklessly!
You hit the ogre.
The ogre is severely wounded.
The ogre hits you with a +0 giant club.
* * * LOW HITPOINT WARNING * * *
Unknown command.
You barely miss the ogre.
The ogre is severely wounded.
You hit the giant cockroach but do no damage.
The giant cockroach bites you but does no damage.
The ogre hits you but does no damage.
Unknown command.
You closely miss the ogre.
The ogre is severely wounded.
You hit the giant cockroach but do no damage.
The giant cockroach bites you but does no damage.
The ogre hits you but does no damage. The giant cockroach closely misses you.
Unknown command.
You barely miss the ogre.
The ogre is severely wounded.
You closely miss the giant cockroach. The giant cockroach misses you.
The ogre hits you with a +0 giant club!!
You die...

....#. .♣♣..#
.............. .♣♣..#
...............
.....#...............
.....#..............#
≈≈...#..............#
≈≈..#...............#
....#...........BO..#
................@...#
.##.................#
##..................#
...#................#
####................#
#........!.......#
#..................
#...................
#...................


You could see an ogre and a giant cockroach.

Vanquished Creatures
  Ijyb (D:3)
  Jessica (D:3)
  An iguana (D:4)
  2 adders
  A worm (D:2)
  A dart slug (D:2)
  8 orcs
  3 ball pythons
  7 bats
  7 endoplasms
  4 giant cockroaches
  4 goblins
  3 hobgoblins
  2 jackals (D:1)
  2 quokkas (D:3)
  2 frilled lizards
  6 kobolds
  4 rats
  A spectral hobgoblin (D:2)
60 creatures vanquished.

Notes
Turn   | Place    | Note
-------+----------+-------------------------------------------
     0 | D:1      | zeram the Hill Orc Fighter began the quest for the Orb.
     0 | D:1      | Reached XP level 1. HP: 19/19 MP: 1/1
   241 | D:1      | Reached XP level 2. HP: 26/27 MP: 2/2
   799 | D:1      | Reached XP level 3. HP: 30/33 MP: 3/3
  1547 | D:2      | Found a faded altar of an unknown god.
  1796 | D:3      | Noticed Jessica
  1803 | D:3      | Killed Jessica
  1804 | D:3      | Reached XP level 4. HP: 30/40 MP: 4/4
  1911 | D:3      | Noticed Ijyb
  1917 | D:3      | Killed Ijyb
  2337 | D:3      | Reached XP level 5. HP: 47/47 MP: 5/5
  2369 | D:3      | Identified the ring of Movuir {rF+ rN+ MP+9 Int+8}
  2890 | D:3      | Identified a scroll of acquirement
  2890 | D:3      | Acquired a +0 pair of boots of rampaging
  3144 | D:4      | Found an ornate altar of the Wu Jian Council.
  3314 | D:4      | Noticed an ogre
  3323 | D:4      | Slain by an ogre

Illustrated notes

Levels and vault maps discovered:
D:1:      minmay_arrival_widening_spiral_wide, layout_loops_ring,
          amcnicky_mini_corridor_feature
D:2:      layout_loops_ring, dreamdust_ecumenical_altar_drowned_temple
D:3:      layout_loops_corners, uniq_ijyb, uniq_jessica
D:4:      layout_gridville, nicolae_wu_jian_wuxing_cycle,
          nicolae_shop_clearance, uniq_pikel

Skill      XL: |  1  2  3  4 |
---------------+-------------+-----
Fighting       | 4 |  4.7
Axes           | 3 4 |  4.4
Armour         | 4 |  4.6
Dodging        | |  0.3
Shields        | |  3.8

Action                   |  1- 3 |  4- 6 || total
-------------------------+-------+-------++-------
Melee: War axe           |   112 |    54 ||   166
  Use: Scroll            |     3 |     7 ||    10
Armor: Scale mail        |    84 |    30 ||   114
Dodge: Dodged            |    78 |    25 ||   103
Block: Buckler           |    33 |    12 ||    45
